 Dungeon Crawl Stone Soup version 0.21.1-1-g345015f (webtiles) character file.

114 chorionicmirror the Slasher (level 4, -4/35 HPs)
             Began as a Demonspawn Monk on June 23, 2018.
             Was a Believer of Wu Jian.
             Slain by a hornet (10 damage)
             ... on level 3 of the Dungeon.
             The game lasted 00:08:41 (1784 turns).

chorionicmirror the Slasher (Demonspawn Monk)       Turns: 1784, Time: 00:08:42

Health: -4/35      AC:  9    Str: 12    XL:     4   Next: 67%
Magic:  0/4        EV:  9    Int: 12    God:    Wu Jian [**....]
Gold:   158        SH:  7    Dex: 15    Spells: 3/3 levels left

rFire    . . .     SeeInvis .   a - +0 falchion
rCold    . . .     Gourm    +   m - +0 shield
rNeg     . . .     Faith    .   h - +0 ring mail
rPois    .         Spirit   +   (helmet restricted)
rElec    .         Reflect  .   (no cloak)
rCorr    .         Harm     .   b - +2 pair of gloves
MR       .....                  k - +0 pair of boots
Stlth    +.........             j - amulet of the gourmand
HPRegen  0.11/turn              (no ring)
MPRegen  0.09/turn              (no ring)

@: lethally poisoned (-4 -> -13), slowed, very slow
A: claws 1, horns 1, magic shield
a: Wall Jump, Renounce Religion


You were on level 3 of the Dungeon.
You worshipped Wu Jian.
Wu Jian was pleased with you.
You were completely stuffed.

You visited 1 branch of the dungeon, and saw 3 of its levels.

You collected 158 gold pieces.

Inventory:

Hand Weapons
 a - a +0 falchion (weapon)
Armour
 b - a +2 pair of gloves (worn)
 h - a +0 ring mail (worn)
 k - a +0 pair of boots (worn)
 m - a +0 shield (worn)
Jewellery
 j - an amulet of the gourmand (around neck)
Scrolls
 d - a scroll of magic mapping {unknown}
 i - a scroll of identify {unknown}
 o - a scroll of teleportation
 p - a scroll of enchant weapon {unknown}
Potions
 e - 3 potions of ambrosia
 f - a potion of curing
 g - a potion of haste {unknown}
 l - a potion of agility
Comestibles
 c - 7 rations
 n - 6 chunks of flesh


   Skills:
 + Level 3.5 Fighting
 * Level 3.7 Long Blades
 + Level 1.5 Armour
 - Level 3.0 Dodging
 - Level 2.0 Stealth
 * Level 0.5 Shields


You had 3 spell levels left.
You didn't know any spells.

Dungeon Overview and Level Annotations

Branches:
Dungeon (3/15)

Altars:
Cheibriados
Wu Jian


Innate Abilities, Weirdness & Mutations

You have sharp fingernails.
You have a pair of small horns on your head.
When hurt, damage is shared between your health and your magic reserves.


Message History

You block the hornet's attack.
You closely miss the hornet. The hornet stings you.
You are poisoned.
You feel yourself slow down. The hornet stings you!
* * * LOW HITPOINT WARNING * * *
You feel as though you will be slow longer.
You closely miss the hornet. You headbutt the hornet.
The hornet is lightly wounded.
* * * LOW HITPOINT WARNING * * *
You feel sick.
The hornet stings you but does no damage.
The hornet stings you.
* * * LOW HITPOINT WARNING * * *
You feel as though you will be slow longer.
You feel better. The hornet stings you!
* * * LOW HITPOINT WARNING * * *
You are lethally poisoned!
You feel as though you will be slow longer.
The hornet stings you!
You die...

######.####.##### #.#
#.....####### #.#
#####.......# ###.# ###
#..####.# #..)###.#
#..# #.#
#.##....####..####.# .
# #..................#
..
#.####.##.##..<.######
#.. #.#.....#@#.......#
....#.#.....#y#...###.#
.............r#...###.#
.....>...........<....#
#.#####.....#########.#
#.................#
#........########.#
...........# .#
...........# .#


You could see a hornet and a rat.

Vanquished Creatures
  A crimson imp (D:2)
  Jessica (D:2)
  2 adders (D:2)
  A worm (D:3)
  2 leopard geckos
  3 bats
  2 giant cockroaches (D:2)
  5 hobgoblins (D:1)
  3 quokkas (D:2)
  7 goblins
  4 kobolds
  2 rats
33 creatures vanquished.

Notes
Turn   | Place    | Note
-------+----------+-------------------------------------------
     0 | D:1      | chorionicmirror the Demonspawn Monk began the quest for the Orb.
     0 | D:1      | Reached XP level 1. HP: 18/18 MP: 1/1
   310 | D:1      | Gained mutation: You have a pair of small horns on your head. [demonic ancestry]
   310 | D:1      | Reached XP level 2. HP: 22/24 MP: 2/2
  1008 | D:2      | Noticed a crimson imp
  1023 | D:2      | Killed a crimson imp
  1023 | D:2      | Reached skill level 1 in Armour
  1023 | D:2      | Gained mutation: You have sharp fingernails. [demonic ancestry]
  1023 | D:2      | Reached XP level 3. HP: 29/29 MP: 3/3
  1051 | D:2      | Noticed Jessica
  1056 | D:2      | Gained mutation: When hurt, damage is shared between your health and your magic reserves. [demonic ancestry]
  1056 | D:2      | Reached XP level 4. HP: 32/35 MP: 4/4
  1073 | D:2      | Killed Jessica
  1377 | D:2      | Found a snail-covered altar of Cheibriados.
  1377 | D:2      | Found an ornate altar of the Wu Jian Council.
  1381 | D:2      | Became a worshipper of the Wu Jian Council
  1381 | D:2      | Reached * piety under Wu Jian
  1381 | D:2      | Reached ** piety under Wu Jian
  1762 | D:3      | Noticed a hornet
  1770 | D:3      | Paralysed by a hornet for 2 turns
  1783 | D:3      | HP: 1/35 [hornet (3)]
  1784 | D:3      | Slain by a hornet

Skill      XL: |  1  2 |
---------------+-------+-----
Stealth        | 2 |  2.0
Long Blades    | 3 |  3.7
Armour         | 1 |  1.5
Dodging        | 3 |  3.0
Fighting       | |  3.5
Shields        | |  0.5

Action                   |  1- 3 |  4- 6 || total
-------------------------+-------+-------++-------
Melee: Falchion          |    71 |    68 ||   139
       Headbutt          |     7 |    11 ||    18
Invok: Wall Jump         |       |    11 ||    11
       Whirlwind         |       |     8 ||     8
  Use: Potion            |     3 |     1 ||     4
       Scroll            |     3 |       ||     3
 Stab: Sleeping          |     1 |       ||     1
       Distracted        |       |     1 ||     1
  Eat: Chunk             |     4 |    10 ||    14
Armor: Robe              |     7 |       ||     7
       Ring mail         |    14 |    22 ||    36
Dodge: Dodged            |    56 |    26 ||    82
Block: Shield            |       |    25 ||    25
       Rpst.: Falchion   |    25 |     6 ||    31
